 Dungeon Crawl Stone Soup version 0.31-a0-174-g85c54bcb58 (webtiles) character file.

Game seed: 9898358285032282549

17015 ryw the Nimble (level 12, -3/98 HPs)
             Began as a Djinni Summoner on June 14, 2023.
             Was a Priest of Ashenzari.
             Slain by an elephant (16 damage)
             ... on level 1 of the Lair of Beasts on June 15, 2023.
             The game lasted 00:43:32 (14864 turns).

ryw the Nimble (Djinni Summoner)                   Turns: 14864, Time: 00:43:32

Health: -3/98      AC:  9    Str: 13    XL:     12   Next: 77%
Gold:   828        EV: 18    Int: 26    God:    Ashenzari [***...] SH:  0 Dex: 15

rFire   + . .        m - +3 dagger
rCold   . . .        (no shield)
rNeg    . . .        p - +1 robe of the Ruined Portent {rC+, Comp, Elem} (curse)
rPois   ∞            D - +2 hat of Panopticon {Will+, Elem, Self} (curse)
rElec   .            y - +0 cloak of Supernal Understanding {Melee, Self} (curse)
rCorr   .            F - +2 pair of gloves
SInv    +            (boots unavailable)
Will    ++++.        (no amulet)
Stlth   +++          b - ring of see invisible
HPRegen 0.36/turn    h - ring "Share My Gnosis" {rF- Will++ Str+6 Int+5, Alch, Melee} (curse)
MPRegen 0.00/turn

%: clarity, infuse magic (-4 HP)
@: flying
A: sickness immunity, fire resistance 2, cold vulnerability 1, float, innate
caster, HP casting, extra vitality 1
a: Renounce Religion, Curse Item, Shatter the Chains


You were on level 1 of the Lair of Beasts.
You worshipped Ashenzari.
Ashenzari was most pleased with you.
You visited 3 branches of the dungeon, and saw 13 of its levels.

You collected 828 gold pieces.

Inventory:

Hand Weapons
 g - a +1 vampiric whip
 m - a +3 dagger (weapon)
Missiles
 e - 34 poisoned darts
 w - a throwing net
Armour
 p - the cursed +1 robe of the Ruined Portent (worn) {rC+, Comp, Elem}
   (You took it off an orc wizard on level 7 of the Dungeon)

   It has a curse which improves the following skills: Companions: Summonings
   and Necromancy.
   Elements:  Fire Magic, Ice Magic, Air Magic and Earth Magic.
 y - the cursed +0 cloak of Supernal Understanding (worn) {Melee, Self}
   (You found it on level 8 of the Dungeon)

   It has a curse which improves the following skills: Melee Combat: Short
   Blades, Long Blades, Axes, Maces & Flails, Polearms, Staves and Unarmed
   Combat.
   Introspection: Fighting and Spellcasting.
 z - +0 steam dragon scales
 D - the cursed +2 hat of Panopticon (worn) {Will+, Elem, Self}
   (You found it on level 9 of the Dungeon)

   It has a curse which improves the following skills: Elements: Fire Magic, Ice
   Magic, Air Magic and Earth Magic.
   Introspection: Fighting and Spellcasting.
 F - a +2 pair of gloves (worn)
Jewellery
 b - a ring of see invisible (left hand)
 h - the cursed ring "Share My Gnosis" (right hand) {rF- Will++ Str+6 Int+5, Alch, Melee}
   (You found it on level 6 of the Dungeon)

   [ring of strength]

   Str:       It affects your strength (+6).
   Int:       It affects your intelligence (+5).
   rF:        It makes you vulnerable to fire.
   Will:      It greatly increases your willpower.
   It has a curse which improves the following skills: Alchemy: Poison Magic and
   Transmutations.
   Melee Combat: Short Blades, Long Blades, Axes, Maces & Flails, Polearms,
   Staves and Unarmed Combat.
Wands
 k - a wand of polymorph (16)
 o - a wand of iceblast (19)
 x - a wand of digging (11)
 A - a wand of flame (36)
 C - a wand of acid (2)
Scrolls
 j - 3 scrolls of noise
 l - 3 scrolls of fog
 n - 4 scrolls of teleportation
 u - 8 scrolls of identify
 B - a scroll of blinking
 G - a scroll of poison
Potions
 c - 6 potions of curing
 d - 2 potions of heal wounds
 f - a potion of enlightenment
 i - a potion of cancellation
 q - 3 potions of brilliance
 r - 2 potions of might
 s - a potion of attraction
 t - 3 potions of haste
 v - a potion of berserk rage
 E - a potion of mutation


   Skills:
 + Level 10.9(13.1) Fighting
 - Level 2.0(3.6) Short Blades
 + Level 11.7 Dodging
 - Level 5.0 Stealth
 + Level 9.6(11.9) Spellcasting
 + Level 9.6 Conjurations
 + Level 9.6 Hexes
 + Level 9.6(11.1) Summonings
 + Level 9.6(11.1) Necromancy
 + Level 9.6 Translocations
 + Level 9.6(11.1) Transmutations
 + Level 9.6(11.9) Fire Magic
 + Level 9.6(11.9) Ice Magic
 + Level 9.6(11.9) Air Magic
 + Level 9.6(11.9) Earth Magic
 + Level 9.6(11.1) Poison Magic


You knew the following spells:

 Your Spells              Type           Power      Damage    Failure   Level
a - Summon Lightning Spi  Summ/Air       66%        N/A       1%          4
b - Call Canine Familiar  Summ           65%        N/A       1%          3
c - Summon Guardian Gole  Hex/Summ       62%        N/A       1%          3
d - Stone Arrow           Conj/Erth      100%       3d13      1%          3
e - Swiftness             Air            67%        N/A       1%          3
f - Searing Ray           Conj           100%       2d8       1%          2
g - Silence               Hex/Air        32%        N/A       1%          5
x - Call Imp              Summ           100%       N/A       1%          2
y - Summon Small Mammal   Summ           100%       N/A       1%          1
z - Foxfire               Conj/Fire      100%       2x1d9     1%          1
Your spell library was empty.

Dungeon Overview and Level Annotations

Branches:
Dungeon (11/15)            Temple (1/1) D:6            Lair (1/5) D:8
    Orc (0/2) D:9

Altars:
Ashenzari
Cheibriados
Dithmenos
Elyvilon
Fedhas
Gozag
Hepliaklqana
Makhleb
Nemelex Xobeh
Okawaru
Qazlal
Ru
Trog
Uskayaw
Wu Jian
Xom
Yredelemnul
Zin
The Shining One

Shops:
D:10 *

Annotations:
D:8 3 runed translucent doors, mindmajick's ghost, novice DsGl


Innate Abilities, Weirdness & Mutations

You are immune to sickness and miasma.
You are immune to poison.
Your flesh is very heat resistant. (rF++)
You are vulnerable to cold. (rC-)
You float through the air rather than walking.
You learn spells naturally, not from books.
Your magical power is your life essence.
You have superior vitality. (+4 MHP)


Message History

Your guardian golem overheats!
The elephant tramples you.
You are shoved backwards!
Casting: Summon Guardian Golem (safe; 1% risk of failure)
Confirm with . or Enter, or press ? or * to list all spells.
An electric hum fills the air.
The elephant tramples you!
You hold your ground!
The elephant barely misses you. The elephant tramples you!
You hold your ground!
The elephant misses you.
You hit the elephant.
The elephant is heavily wounded.
The elephant closely misses you.
The elephant trunk-slaps you but does no damage.
You hit the elephant.
The elephant is heavily wounded.
You hit the elephant but do no damage.
The elephant is heavily wounded.
The elephant tramples you.
You are shoved backwards!
The elephant misses you. The elephant barely misses you.
You hit the elephant but do no damage.
The elephant is heavily wounded.
The elephant tramples you.
You hold your ground!
The elephant trunk-slaps you but does no damage.
You puncture the elephant!
The elephant is severely wounded.
The elephant barely misses you.
The elephant trunk-slaps you but does no damage.
The elephant tramples you but does no damage.
The elephant misses you. The elephant completely misses you. x2
You hit the elephant but do no damage.
The elephant is severely wounded.
The elephant tramples you!
* * * LOW HITPOINT WARNING * * *
You hold your ground!
The elephant barely misses you. The elephant tramples you!
* * * LOW HITPOINT WARNING * * *
You are shoved backwards!
The elephant completely misses you. The elephant closely misses you.
You hit the elephant but do no damage.
The elephant is severely wounded.
The elephant tramples you!
You die...

##########...##...........Y
# #....##..°....#,.Y. + ,,,
##...§....†..##.... ,, #* ,
#...##.......†...., #* ,
##..........8#..... ,
#P...######.P# !...* * *
*#....P#.#P#.###.... *
.##......YY..........
.......8..9Y@.......... *
.##..############.##### *
### ##


You could see 3 elephants, a friendly guardian golem (summoned, inner flame) and
a friendly lightning spire (summoned, sheltered).

Vanquished Creatures
  A deep elf pyromancer (D:9)
  A deep elf zephyrmancer (D:9)
  A cane toad (Lair:1)
  An unseen horror (D:11)
  A troll (D:11)
  2 yaks (D:11)
  A water moccasin (Lair:1)
  A sky beast (D:8)
  A wolf (Lair:1)
  2 bullfrogs
  A scorpion (D:5)
  A wight (D:7)
  A killer bee (D:10)
  A howler monkey (D:4)
  2 electric eels (D:9)
  An iron imp (D:9)
  A jelly (D:7)
  An iguana (D:4)
  3 orc wizards
  A gnoll (D:5)
  3 adders
  A white imp (D:9)
  An ufetubus (D:5)
  A dart slug (D:1)
  4 orcs
  A goblin (D:3)
  A hobgoblin (D:4)
  2 quokkas
  A ball python (D:3)
  A bat (D:3)
  A frilled lizard (D:2)
  2 kobolds (D:1)
  A rat (D:1)
45 creatures vanquished.

Vanquished Creatures (collateral kills)
  A two-headed ogre (D:10)
  Pikel (D:8)
  An elephant (Lair:1)
  Maurice (D:10)
  3 cane toads (Lair:1)
  A black mamba (Lair:1)
  An unseen horror (D:10)
  Psyche (D:11)
  3 komodo dragons
  3 trolls
  A hornet (D:9)
  3 blink frogs (Lair:1)
  Grinder (D:5)
  A shadow (D:8)
  3 wyverns
  14 yaks
  2 basilisks
  A steam dragon (D:8)
  2 water moccasins
  Duvessa (D:7)
  6 orc warriors
  A swamp drake (D:9)
  2 ogres
  2 black bears
  3 centaurs
  2 wolves (Lair:1)
  A phantom (D:6)
  3 lemures (D:8)
  A kobold brigand (D:8)
  A scorpion (D:4)
  3 bullfrogs
  3 wights (D:7)
  Dowan (D:7)
  13 killer bees
  A crimson imp (D:9)
  A howler monkey (D:6)
  2 hounds
  10 orc priests
  2 jellies
  Terence (D:2)
  A gnoll bouda (D:6)
  5 iguanas
  2 sleepcaps
  8 orc wizards
  5 gnolls
  8 adders
  2 shadow imps
  2 white imps
  2 ufetubi
  A worm (D:2)
  3 dart slugs
  47 orcs
  3 endoplasms
  6 giant cockroaches
  8 goblins
  4 hobgoblins
  3 jackals (D:1)
  13 kobolds
  9 ball pythons
  A bat (D:2)
  4 frilled lizards
  10 rats
251 creatures vanquished.

Vanquished Creatures (others)
  A catoblepas (Lair:1)
  An elephant (Lair:1)
  A wyvern (Lair:1)
  An orc warrior (D:7)
  A human (D:5)
  2 wolves (Lair:1)
  A hound (D:6)
  An adder (D:6)
9 creatures vanquished.

Grand Total: 305 creatures vanquished

Notes
Turn   | Place    | Note
-------+----------+-------------------------------------------
     0 | D:1      | ryw the Djinni Summoner began the quest for the Orb.
     0 | D:1      | ryw set off with the following spells memorised: Summon
                  | Small Mammal, Call Imp, Call Canine Familiar, Summon
                  | Guardian Golem, Summon Lightning Spire.
     0 | D:1      | Reached XP level 1. HP: 15/15 MP: 0/0
   253 | D:1      | Reached XP level 2. HP: 20/21 MP: 0/0
   634 | D:1      | Reached XP level 3. HP: 25/25 MP: 0/0
   634 | D:1      | Learned a level 1 spell: Foxfire
   640 | D:1      | Reached skill level 3 in Dodging
   796 | D:1      | Found a faded altar of an unknown god.
  1269 | D:2      | Noticed Terence
  1292 | D:2      | Killed Terence
  1293 | D:2      | Reached XP level 4. HP: 11/31 MP: 0/0
  2072 | D:2      | Reached XP level 5. HP: 31/35 MP: 0/0
  2072 | D:2      | Learned a level 2 spell: Searing Ray
  2126 | D:2      | Reached skill level 4 in Dodging
  3034 | D:3      | Upgraded the game from 0.31-a0-164-g2312942fda to
                  | 0.31-a0-174-g85c54bcb58
  3132 | D:4      | Reached XP level 6. HP: 38/40 MP: 0/0
  3184 | D:4      | Reached skill level 5 in Dodging
  3590 | D:4      | Noticed an ogre
  3601 | D:4      | Killed an ogre
  3602 | D:4      | Reached skill level 1 in Fighting
  3602 | D:4      | Reached skill level 1 in Short Blades
  3602 | D:4      | Reached XP level 7. HP: 47/47 MP: 0/0
  3602 | D:4      | Learned a level 3 spell: Swiftness
  3981 | D:4      | Reached skill level 5 in Spellcasting
  3981 | D:4      | Reached skill level 5 in Conjurations
  3981 | D:4      | Reached skill level 5 in Hexes
  3981 | D:4      | Reached skill level 5 in Summonings
  3981 | D:4      | Reached skill level 5 in Necromancy
  3981 | D:4      | Reached skill level 5 in Translocations
  3981 | D:4      | Reached skill level 5 in Transmutations
  3981 | D:4      | Reached skill level 5 in Fire Magic
  3981 | D:4      | Reached skill level 5 in Ice Magic
  3981 | D:4      | Reached skill level 5 in Air Magic
  3981 | D:4      | Reached skill level 5 in Earth Magic
  3981 | D:4      | Reached skill level 5 in Poison Magic
  4388 | D:5      | Entered Level 5 of the Dungeon
  4743 | D:5      | Reached XP level 8. HP: 49/56 MP: 0/0
  4828 | D:5      | Noticed Grinder
  4846 | D:5      | Killed Grinder
  5147 | D:5      | Found an iron altar of Okawaru.
  5410 | D:5      | Noticed a human
  5413 | D:5      | Killed a human
  6349 | D:5      | Reached skill level 5 in Fighting
  6561 | D:6      | Reached XP level 9. HP: 26/65 MP: 0/0
  6561 | D:6      | Learned a level 3 spell: Stone Arrow
  6956 | D:6      | Identified the ring "Kizowk" {rF- Will++ Str+6 Int+5}
  7076 | D:6      | Found a staircase to the Ecumenical Temple.
  7082 | Temple   | Entered the Ecumenical Temple
  7136 | Temple   | Became a worshipper of Ashenzari the Shackled
  7201 | D:6      | You are sucked into a shaft and drop 2 floors!
  7812 | D:7      | Found a sparkling altar of Nemelex Xobeh.
  8046 | D:7      | Reached skill level 6 in Dodging
  8199 | D:7      | Found a bloodstained altar of Trog.
  8199 | D:7      | Noticed Duvessa
  8203 | D:7      | Noticed Dowan
  8207 | D:7      | Killed Duvessa
  8209 | D:7      | Killed Dowan
  8242 | D:7      | Found a stormy altar of Qazlal.
  8246 | D:7      | Found a glowing golden altar of the Shining One.
  8630 | D:8      | Reached XP level 10. HP: 68/72 MP: 0/0
  8635 | D:8      | Reached * piety under Ashenzari
  8678 | D:8      | Noticed a komodo dragon
  8685 | D:8      | Killed a komodo dragon
  8783 | D:8      | Reached skill level 7 in Dodging
  8927 | D:8      | Found a staircase to the Lair.
  9021 | D:8      | Found a runed translucent gate.
  9056 | D:8      | Noticed Pikel
  9063 | D:8      | Killed Pikel
  9158 | D:8      | Reached ** piety under Ashenzari
  9248 | D:8      | Found a runed translucent gate.
  9248 | D:8      | Found a runed translucent gate.
  9251 | D:8      | Noticed a ten-headed hydra
  9251 | D:8      | Noticed mindmajick's ghost (novice DsGl)
  9251 | D:8      | Noticed an 11-headed hydra
  9324 | D:8      | Found a hide-covered altar of Uskayaw.
  9869 | D:9      | Reached skill level 5 in Stealth
 10479 | D:9      | Reached skill level 8 in Dodging
 10986 | D:9      | Noticed a deep elf zephyrmancer
 10999 | D:9      | Killed a deep elf zephyrmancer
 11000 | D:9      | Reached XP level 11. HP: 70/84 MP: 0/0
 11000 | D:9      | Learned a level 5 spell: Silence
 11001 | D:9      | Noticed a deep elf pyromancer
 11007 | D:9      | Killed a deep elf pyromancer
 11027 | D:9      | Reached *** piety under Ashenzari
 11208 | D:9      | Found a staircase to the Orcish Mines.
 11520 | D:9      | Reached skill level 9 in Dodging
 11631 | D:10     | Entered Level 10 of the Dungeon
 11739 | D:10     | Noticed a two-headed ogre
 11747 | D:10     | Killed a two-headed ogre
 11953 | D:10     | Noticed Maurice
 11960 | D:10     | Killed Maurice
 12199 | D:10     | Found Xaifumisk's Serpentskin Sales.
 12313 | D:10     | Identified the +3 sling "Kumat" {drain, Drain MP+9 Dex+4}
 13090 | D:11     | Reached skill level 10 in Dodging
 13230 | D:11     | Found a gate leading to a gauntlet.
 13384 | D:11     | Noticed Psyche
 13394 | D:11     | Killed Psyche
 13405 | D:11     | Reached XP level 12. HP: 95/95 MP: 0/0
 14115 | Lair:1   | Entered Level 1 of the Lair of Beasts
 14124 | Lair:1   | Noticed a catoblepas
 14142 | Lair:1   | Killed a catoblepas
 14143 | Lair:1   | Reached skill level 10 in Fighting
 14277 | Lair:1   | Reached skill level 11 in Dodging
 14864 | Lair:1   | Slain by an elephant

Illustrated notes

Levels and vault maps discovered:
D:1:      lemuel_arrival_room, layout_loops_ring,
          shapermc_ecumenical_altar_totnotflames, feat_on_display
D:2:      layout_loops_corners, grunt_decor_fettered, minmay_cut_off,
          uniq_terence
D:3:      layout_rooms
D:4:      layout_loops_corners
D:5:      layout_basic, tgw_kikubaaqudgha, mainiacjoe_overflow_tiny_flanked,
          uniq_grinder
D:6:      layout_rooms, minmay_temple_entry_enclosed_plants,
          minmay_misc_feat_cross
D:7:      layout_gridville, mainiacjoe_overflow_boulevard,
          grunt_temple_overflow_open, enter_ossuary_2, uniq_duvessa
D:8:      layout_rooms, old_standard_altar, mainiacjoe_overflow_catwalk,
          erik_lair_dragon, gammafunk_ghost_hydra_chop, uniq_pikel
D:9:      layout_stronghold, erik_orc_2, hangedman_minor_magic
D:10:     layout_grid_maze, guppyfry_shop_venom, uniq_maurice
D:11:     layout_irregular_city, gauntlet_entry_generic, uniq_psyche
Temple:   eino_temple_lava
Lair:1:   layout_regular_city, st_stairs_12, infiniplex_staircase_pool_2,
          grunt_megastairs_2, lemuel_fruit_fields

Skill      XL: |  1  2  3  4  5  6  7  8  9 10 11 12 |
---------------+-------------------------------------+-----
Dodging        | 3 4 5 6 8 10 11 | 11.7
Spellcasting   | 4 5 6 7 8 9 |  9.6
Conjurations   | 4 5 6 7 8 9 |  9.6
Hexes          | 4 5 6 7 8 9 |  9.6
Summonings     | 4 5 6 7 8 9 |  9.6
Necromancy     | 4 5 6 7 8 9 |  9.6
Translocations | 4 5 6 7 8 9 |  9.6
Transmutations | 4 5 6 7 8 9 |  9.6
Fire Magic     | 4 5 6 7 8 9 |  9.6
Ice Magic      | 4 5 6 7 8 9 |  9.6
Air Magic      | 4 5 6 7 8 9 |  9.6
Earth Magic    | 4 5 6 7 8 9 |  9.6
Poison Magic   | 4 5 6 7 8 9 |  9.6
Fighting       | 1 3 5 6 7 9 10 | 10.9
Short Blades   | 1 2 |  2.0
Stealth        | 3 5 |  5.0

Action                     |  1- 3 |  4- 6 |  7- 9 | 10-12 || total
---------------------------+-------+-------+-------+-------++-------
  Melee: Dagger            |    28 |    42 |    78 |   182 ||   330
         Unarmed           |     1 |       |       |       ||     1
         Punch             |     1 |       |     2 |     7 ||    10
         Whip              |       |       |    33 |       ||    33
   Cast: Summon Small Mamm |    46 |    23 |     3 |       ||    72
         Call Imp          |    13 |    27 |    15 |       ||    55
         Call Canine Famil |     1 |    22 |    39 |    38 ||   100
         Summon Guardian G |       |     4 |     6 |    15 ||    25
         Summon Lightning  |       |       |    20 |    67 ||    87
         Swiftness         |       |       |     2 |       ||     2
         Stone Arrow       |       |       |       |     2 ||     2
 Invoke: Curse Item        |       |       |     1 |     3 ||     4
    Use: Scroll            |       |       |    18 |     2 ||    20
   Stab: Sleeping          |     1 |     1 |       |     1 ||     3
         Distracted        |       |     3 |     2 |     9 ||    14
 Armour: Robe              |     6 |    12 |    13 |    46 ||    77
  Dodge: Dodged            |    36 |    60 |   114 |   200 ||   410

Table legend: (Time is in decaauts)
 A = Elapsed time spent in this place.
 B = Non-inter-level travel time spent in this place.
 C = Inter-level travel time spent in this place.
 D = Time resting spent in this place.
 E = Time spent auto-exploring this place.
 F = Levels seen in this place.
 G = Mean time per level.
                   A        B        C        D        E       F      G
               +--------+--------+--------+--------+--------+-----+--------+
         Total |  14831 |  14146 |    685 |   2460 |   9129 |  13 | 1140.8 |
       Dungeon |  14028 |  13364 |    664 |   2180 |   8831 |  11 | 1275.3 |
        Temple |     63 |     43 |     20 |      0 |     34 |   1 |   63.0 |
          Lair |    740 |    740 |      0 |    280 |    264 |   1 |  740.0 |
               +--------+--------+--------+--------+--------+-----+--------+

Top non-repeatable levels by time:
     D:5: 2138 daAuts
     D:9: 1878 daAuts
    D:10: 1346 daAuts
     D:8: 1330 daAuts
     D:4: 1314 daAuts
     D:2: 1222 daAuts
     D:1: 1222 daAuts
     D:7: 1186 daAuts
    D:11: 1039 daAuts
  Lair:1: 740 daAuts
     D:6: 723 daAuts
     D:3: 625 daAuts
  Temple: 63 daAuts
